 Dungeon Crawl Stone Soup version 0.27-a0-1196-g3e9cee4cb2 (webtiles) character file.

Game seed: 16709337190607675206

851 freelancePsychic the Agent of Entropy (level 7, -7/54 (60) HPs)
             Began as a Palentonga Abyssal Knight on May 29, 2021.
             Was a Priest of Lugonu.
             Mangled by a two-headed ogre
             ... wielding a +0 giant club
              (15 damage)
             ... on level 7 of the Dungeon.
             The game lasted 00:11:50 (3044 turns).

freelancePsychic the Agent of Entropy (PaAK)        Turns: 3044, Time: 00:11:51

HP:   -7/54 (60)    AC: 18    Str: 18    XL:     7   Next: 69%
MP:   11/11         EV:  9    Int: 12    God:    Lugonu [***...]
Gold: 200           SH:  0    Dex:  9    Spells: 6/6 levels left

rFire    . . .     SeeInvis +   c - +1 short sword (venom)
rCold    . . .     Faith    .   (no shield)
rNeg     . . .     Spirit   .   h - +3 leather armour
rPois    .         Reflect  .   (no helmet)
rElec    .         Harm     .   (no cloak)
rCorr    .         Rampage  .   (no gloves)
Will     .....                  (no barding)
Stlth    +.........             i - amulet of regeneration
HPRegen  1.18/turn              g - +4 ring of protection
MPRegen  0.12/turn              (no ring)

@: heavily drained, curled up
A: large, rugged brown scales 3, see invisible, deformed body, roll 1, armoured
tail, reflexive curl
a: Rolling Charge, Renounce Religion, Depart the Abyss, Bend Space, Banish


You were on level 7 of the Dungeon.
You worshipped Lugonu.
Lugonu was most pleased with you.
You visited 1 branch of the dungeon, and saw 5 of its levels.
You visited the Abyss 1 time.

You collected 200 gold pieces.

Inventory:

Hand Weapons
 a - a +1 spectral spear
 c - a +1 short sword of venom (weapon)
Missiles
 e - a curare-tipped dart
Armour
 b - a +0 leather armour
 h - a +3 leather armour (worn)
 j - a +1 chain mail
 o - a +0 plate armour
Jewellery
 g - a +4 ring of protection (left hand)
 i - an amulet of regeneration (around neck)
Wands
 f - a wand of digging (3)
 n - a wand of iceblast (8)
Scrolls
 d - a scroll of immolation
 k - a scroll of amnesia


   Skills:
 + Level 5.8 Fighting
 + Level 4.5 Short Blades
 - Level 2.2 Polearms
 - Level 1.5 Armour
 - Level 0.7 Dodging
 + Level 5.8 Invocations


You had 6 spell levels left.
You didn't know any spells.
Your spell library contained the following spells:

 Spells                   Type           Power      Damage    Failure   Level
 Confusing Touch          Hex            0%         N/A       75%         3
 Gell's Gravitas          Tloc           0%         N/A       75%         3
 Petrify                  Tmut/Erth      0%         N/A       98%         4
 Metabolic Englaciation   Hex/Ice        0%         N/A       100%        5
 Yara's Violent Unravell  Hex/Tmut       0%         3d3       100%        5


Dungeon Overview and Level Annotations

Branches:
Dungeon (7/15)
 Temple: D:4-7

Altars:


Innate Abilities, Weirdness & Mutations

You are completely covered in rugged brown scales. (AC +3, +7% HP)
You have supernaturally acute eyesight. (SInv)
Armour fits poorly on your strangely shaped body.
You can roll at nearby foes to attack.
You have a long armoured tail.
You curl defensively after being hit.


Message History

The two-headed ogre hits you with a +0 giant club!!
The two-headed ogre hits you with a +0 giant spiked club.
You bump into the rock wall.
The wight hits you but does no damage. The wight hits you with a +4 falchion.
You hit the two-headed ogre.
The two-headed ogre is poisoned.
The two-headed ogre is lightly wounded.
The two-headed ogre closely misses you. x2
The wight hits you from afar with a +0 halberd.
The wight hits you but does no damage.
You hit the two-headed ogre.
The two-headed ogre is lightly wounded.
The wight barely misses you. The wight hits you with a +4 falchion!
* * * LOW HITPOINT WARNING * * *
You feel drained.
* * * LOW HITPOINT WARNING * * *
The two-headed ogre hits you with a +0 giant club.
* * * LOW HITPOINT WARNING * * *
The two-headed ogre hits you with a +0 giant spiked club.
* * * LOW HITPOINT WARNING * * *
You hit the two-headed ogre but do no damage.
The two-headed ogre looks as sick as possible!
The two-headed ogre is lightly wounded.
The wight misses you.
You hit the two-headed ogre.
The two-headed ogre looks as sick as possible!
You tail-slap the two-headed ogre.
The two-headed ogre is moderately wounded.
You feel less invigorated.
You feel less confused.
The two-headed ogre hits you with a +0 giant club!
* * * LOW HITPOINT WARNING * * *
The two-headed ogre hits you but does no damage.
The wight hits you with a +4 falchion.
* * * LOW HITPOINT WARNING * * *
It was a potion of curing.
You feel better.
The two-headed ogre hits you with a +0 giant club.
* * * LOW HITPOINT WARNING * * *
The two-headed ogre completely misses you.
The two-headed ogre hits you with a +0 giant club!
You die...

#.#......# *,,,,,,,,,,.., *
#.##.############*######.#, **
#.##.....z.zz...#<.......#, ,*
#.#############.###..#...#, ,**
*,* ######z.........#, ,,*
*,*####**#zz..........#..#, *,*
*,*#....,#z##............#, *,*
***,*#.....#.##.#####.######,
*,***,,,,......O@##.#..........#,
*,,**,*,*......####.#........#.#,
**,**,*,*......,,,#.##########,*,
**,**,*,*.####***,#.#,,,,,,,,,,,,
**,,,,,,,,* *,#.#,,,,,,,,,,**
**,,*,*,*** *,*,*************
**,,*,*,* *,*,,,,,,,,,,,,,,
*,,,*,*,* *,***************
*,*,*,*,* *,*


You could see a two-headed ogre (extremely poisoned) and 3 wights.

Vanquished Creatures
  Sigmund (D:3)
  A water moccasin (D:4)
  A black bear (D:7)
  An ice beast (D:7)
  A kobold brigand (D:4)
  A scorpion (D:2)
  A hound (D:4)
  A jelly (D:4)
  An iguana (D:4)
  2 orc wizards (D:3)
  Natasha (D:2)
  3 adders (D:4)
  A worm (D:2)
  3 dart slugs
  2 orcs (D:3)
  7 endoplasms
  6 giant cockroaches
  10 goblins
  9 hobgoblins
  3 jackals (D:3)
  4 quokkas
  9 ball pythons
  6 bats
  5 frilled lizards
  6 kobolds
  4 rats
90 creatures vanquished.

Notes
Turn   | Place    | Note
-------+----------+-------------------------------------------
     0 | Abyss:1  | freelancePsychic the Palentonga Abyssal Knight began the
                  | quest for the Orb.
     0 | Abyss:1  | Reached XP level 1. HP: 19/19 MP: 2/2
    60 | D:1      | Escaped the Abyss
   125 | D:1      | Reached XP level 2. HP: 20/25 MP: 3/3
   610 | D:1      | Found a faded altar of an unknown god.
  1024 | D:1      | Reached XP level 3. HP: 31/31 MP: 5/5
  1054 | D:1      | Reached ** piety under Lugonu
  1368 | D:2      | Noticed a scorpion
  1382 | D:2      | Killed a scorpion
  1383 | D:2      | Reached skill level 1 in Short Blades
  1383 | D:2      | Reached XP level 4. HP: 22/39 MP: 4/6
  1554 | D:2      | Noticed Natasha
  1562 | D:2      | Killed Natasha
  1789 | D:3      | Noticed Sigmund
  1822 | D:3      | Killed Sigmund
  1823 | D:3      | Reached XP level 5. HP: 29/46 MP: 5/8
  1823 | D:3      | Reached XP level 6. HP: 33/52 MP: 5/9
  2174 | D:3      | Reached *** piety under Lugonu
  2586 | D:4      | Noticed a water moccasin
  2608 | D:4      | Killed a water moccasin
  2609 | D:4      | Reached skill level 5 in Fighting
  2627 | D:4      | Reached skill level 5 in Invocations
  2627 | D:4      | Gained mutation: You curl defensively after being hit.
                  | [Palentonga growth]
  2627 | D:4      | Reached XP level 7. HP: 24/59 MP: 10/10
  2881 | D:4      | You fall into a shaft and drop 3 floors!
  3036 | D:7      | Noticed a two-headed ogre
  3042 | D:7      | HP: 1/54 [wight/+4 falchion (6)]
  3044 | D:7      | Mangled by a two-headed ogre

Illustrated notes

Levels and vault maps discovered:
D:1:      dpeg_arrival_radiant, layout_rooms,
          shapermc_ecumenical_altar_mp_ritualfount, minmay_misc_feat_tiny,
          kennysheep_nondescript
D:2:      layout_rooms, grunt_ministairs_15, st_stairs_2,
          minmay_fractal_squares_gapless_5, uniq_natasha
D:3:      kb_forest_paths, layout_basic, uniq_sigmund
D:4:      layout_basic, enter_ossuary_1
D:7:      layout_basic, lemuel_round_altar, enter_bailey_4

Skill      XL: |  1  2  3  4  5  6  7 |
---------------+----------------------+-----
Polearms       | 2 |  2.2
Short Blades   | 1 2 3 4 |  4.5
Invocations    | 3 4 5 |  5.8
Fighting       | 4 5 |  5.8
Armour         | |  1.5
Dodging        | |  0.7

Action                   |  1- 3 |  4- 6 |  7- 9 || total
-------------------------+-------+-------+-------++-------
Melee: Spear             |    44 |       |       ||    44
       Tailslap          |     9 |    11 |     6 ||    26
       Short sword       |    41 |   123 |    56 ||   220
Invok: Bend Space        |     1 |     5 |       ||     6
 Abil: Rolling Charge    |    15 |    26 |     8 ||    49
  Use: Scroll            |       |     7 |     3 ||    10
       Potion            |       |       |     6 ||     6
 Stab: Invisible         |       |       |     1 ||     1
Armor: Leather armour    |    30 |     1 |    13 ||    44
       Chain mail        |       |    46 |    17 ||    63
Dodge: Dodged            |    29 |    21 |    26 ||    76

Table legend: (Time is in decaauts)
 A = Elapsed time spent in this place.
 B = Non-inter-level travel time spent in this place.
 C = Inter-level travel time spent in this place.
 D = Time resting spent in this place.
 E = Time spent auto-exploring this place.
 F = Levels seen in this place.
 G = Mean time per level.
                   A        B        C        D        E       F      G
               +--------+--------+--------+--------+--------+-----+--------+
         Total |   3051 |   2993 |     58 |    112 |   1946 |   6 |  508.5 |
       Dungeon |   2991 |   2933 |     58 |    112 |   1892 |   5 |  598.2 |
         Abyss |     60 |     60 |      0 |      0 |     54 |   1 |   60.0 |
               +--------+--------+--------+--------+--------+-----+--------+

Top non-repeatable levels by time:
     D:1: 1123 daAuts
     D:3: 743 daAuts
     D:2: 582 daAuts
     D:4: 381 daAuts
     D:7: 160 daAuts
 Abyss:1: 60 daAuts
